 Dungeon Crawl Stone Soup version 0.25-a0-577-ga4619f409e (webtiles) character file.

Game seed: 10438291226501178083, levelgen mode: deterministic

178457 Flugslaktarn the Severer (level 16, -28/207 HPs)
             Began as a Deep Dwarf Fighter on Mar 2, 2020.
             Was the Champion of Makhleb.
             Annihilated by an acid blob (33 damage)
             ... created by the Royal Jelly
             ... on level 5 of the Pits of Slime.
             The game lasted 00:17:11 (17825 turns).

Flugslaktarn the Severer (Deep Dwarf Fighter)      Turns: 17825, Time: 00:17:12

Health: -28/207    AC: 13    Str: 29      XL:     16   Next: 98%
Magic:  25/25 (16) EV:  8    Int:  9 (10) God:    Makhleb [******]
Gold:   853        SH: 20    Dex: 12      Spells: 15/15 levels left

rFire    + + +     SeeInvis .   l - +5 broad axe
rCold    + + .     Gourm    .   B - +0 kite shield
rNeg     + . .     Faith    .   A - +0 plate armour
rPois    +         Spirit   .   R - +2 helmet
rElec    +         Reflect  +   y - +2 cloak {rF+}
rCorr    +         Harm     .   F - +2 pair of gloves {Str+3}
MR       ++...     Clarity  +   (no boots)
Stlth    ..........             I - +6 amulet of reflection
HPRegen  0.00/turn              b - ring "Reelisug" {rF+ rC+ MP+9}
MPRegen  0.19/turn              o - ring of poison resistance

@: mighty, berserking, resistant, corroded, stab, non-regenerating, hasted, very
quick
A: damage resistance, heal wounds, talons 2, yellow scales 1, blurry vision 1,
clarity, deterioration 1, frail 1, negative energy resistance 1, sense
surroundings 2, poison resistance, no regeneration
}: 2/15 runes: decaying, serpentine
a: Heal Wounds, Minor Destruction, Lesser Servant of Makhleb, Major Destruction,
Greater Servant of Makhleb, Renounce Religion


You were on level 5 of the Pits of Slime.
You worshipped Makhleb.
Makhleb was exalted by your worship.
You were not hungry.

You visited 6 branches of the dungeon, and saw 31 of its levels.
You also visited: Ice Cave and Volcano.

You collected 1929 gold pieces.
You spent 1076 gold pieces at shops.

Inventory:

Hand Weapons
 a - a +0 war axe
 k - a +3 vampiric hand axe
   (You took it off an orc priest on level 4 of the Dungeon)
 l - a +5 broad axe (weapon)
   (You found it on level 6 of the Lair of Beasts)
 u - a +1 vorpal hand axe
   (You found it on level 5 of the Dungeon)
 M - a +2 war axe
   (You took it off an orc knight on level 11 of the Dungeon)
Missiles
 D - 3 throwing nets (quivered)
Armour
 y - a +2 cloak of fire resistance (worn)
   (You found it in a volcano)
 A - a +0 plate armour (worn)
   (You found it on level 4 of the Lair of Beasts)
 B - a +0 kite shield (worn)
 C - a scarf of cloud immunity
   (You found it on level 2 of the Snake Pit)
 F - a +2 pair of gloves of strength (worn)
   (You bought it in a shop on level 7 of the Dungeon)
 R - a +2 helmet (worn)
   (You found it on level 6 of the Lair of Beasts)
Jewellery
 b - the ring "Reelisug" (left hand) {rF+ rC+ MP+9}
   (You bought it in a shop on level 4 of the Snake Pit)

   [ring of magical power]

   It protects you from fire.
   It protects you from cold.
   It affects your magic capacity (+9).
 c - an uncursed ring of protection from cold
   (You found it in an ice cave)
 o - a ring of poison resistance (right hand)
   (You bought it in a shop on level 6 of the Dungeon)
 I - a +6 amulet of reflection (around neck)
   (You found it on level 1 of the Lair of Beasts)
 K - a +5 ring of dexterity
   (You found it on level 10 of the Dungeon)
Wands
 m - a wand of iceblast (20)
   (You found it on level 4 of the Dungeon)
 v - a wand of digging (11)
   (You found it on level 6 of the Dungeon)
 E - a wand of acid (13)
   (You took it off Psyche on level 8 of the Dungeon)
 O - a wand of scattershot (3)
   (You found it on level 7 of the Dungeon)
Scrolls
 f - a scroll of magic mapping
 r - 5 scrolls of identify
 t - 3 scrolls of teleportation
 x - 3 scrolls of remove curse
 G - 2 scrolls of fear
 L - 2 scrolls of fog
 Q - a scroll of summoning
Potions
 g - a potion of cancellation
 h - a potion of haste
 i - 4 potions of lignification
 j - 6 potions of stabbing
 p - 4 potions of flight
 q - 4 potions of curing
 s - a potion of mutation
 w - a potion of heal wounds
 H - 4 potions of brilliance
 J - a potion of invisibility
Comestibles
 e - 49 rations


   Skills:
 + Level 12.6 Fighting
 - Level 18.0 Axes
 + Level 14.6 Armour
 + Level 14.7 Shields
 - Level 15.0 Invocations


You had 15 spell levels left.
You didn't know any spells.
Your spell library was empty.

Dungeon Overview and Level Annotations

Branches:
Dungeon (11/15)            Temple (1/1) D:4            Lair (6/6) D:11
  Swamp (4/4) Lair:3        Snake (4/4) Lair:2        Slime (5/5) Lair:6
    Orc (0/2) D:11          IceCv (visited)         Volcano (visited)

Altars:
Gozag
Hepliaklqana
Kikubaaqudgha
Makhleb
Nemelex Xobeh
Okawaru
Qazlal
Sif Muna
Trog
Xom
Yredelemnul
Zin
The Shining One

Shops:
D:6 =   D:7 [   D:11 ([   Snake:4 =}=

Annotations:
D:9 Prince Ribbit
Lair:1 exclusion: oklob plant
Lair:4 exclusion: 3 oklob plants
Lair:6 1 runed translucent door
Swamp:4 2 transporters, LostGamesStreakFreak's ghost, adept HOBe
Slime:5 Royal Jelly


Innate Abilities, Weirdness & Mutations

You are resistant to damage.
You can heal yourself by infusing magical energy.
You resist negative energy. (rN+)
You passively map the area around you.
You do not regenerate.
You have razor-sharp toenails.
You are partially covered in yellow scales. (AC +2)
Scrolls take you a little longer to read.
You possess an exceptional clarity of mind.
Your body sometimes deteriorates upon taking damage.
You are frail. (-10% HP)
Your system is resistant to poisons. (rPois)


Message History

You resist.
* * * LOW HITPOINT WARNING * * *
You block the azure jelly's attack. The azure jelly hits you.
* * * LOW HITPOINT WARNING * * *
The azure jelly freezes you! You resist.
* * * LOW HITPOINT WARNING * * *
The azure jelly barely misses you. x2
You slice the acid blob!!
You kill the acid blob!
Makhleb accepts your kill.
You slash the acid blob!
Your hands burn!
You hit the acid blob.
Your hands burn!
You hit the acid blob.
Your hands burn!
You completely miss the azure jelly. You slice the acid blob!!
Your hands burn!
You hit the acid blob.
Your hands burn!
You hit the acid blob but do no damage.
Your hands burn!
* * * LOW HITPOINT WARNING * * *
You block the acid blob's attack. x2
The glowing orange brain pulsates.
The acid blob hits you!!
You die...

...#.JJ#...................
, ,#JJ§..................
####.................. *,
#...................
*##..................
#........J..........,
##.....JJJJ.........# *
##......GJJJJJ........
*#......GG.J.@J........#* *
#.........JJJJ.......##
#.....................# * ,
...............<.........*
,..................#.#....,*
,,,.............#######.. *
,, ............## .# ,
,..........### * *
,,...........


You could see the Royal Jelly, 7 acid blobs, 6 azure jellies, a great orb of
eyes, a titanic slime creature, a slime creature, a glowing orange brain and an
eye of draining.

Vanquished Creatures
  the Lernaean hydra (Swamp:4)
  6 acid blobs
  3 nagarajas
  An azure jelly (Slime:1)
  A frost giant (IceCv)
  2 death oozes (Slime:5)
  7 naga warriors (Snake:4)
  An anaconda (Snake:2)
  A shambling mangrove (Swamp:4)
  Harold (D:8)
  2 two-headed ogres (D:11)
  12 hydras
  A catoblepas (Lair:6)
  A death yak (IceCv)
  2 shock serpents
  7 naga sharpshooters
  Sonja (Lair:4)
  A salamander mystic (Snake:2)
  13 swamp dragons
  2 naga ritualists (Snake:4)
  2 lindwurms
  4 shining eyes
  2 mana vipers (Snake:4)
  An orc knight (D:11)
  An ugly thing (D:11)
  3 salamanders (Snake:4)
  11 elephants
  2 guardian serpents
  A molten gargoyle (Volcano)
  16 black mambas
  Psyche (D:8)
  9 naga magi
  A gargoyle (Volcano)
  Maggie (D:8)
  5 torpor snails (Lair:6)
  13 spiny frogs
  8 rime drakes
  10 komodo dragons
  3 trolls (D:11)
  6 tyrant leeches
  8 hornets
  17 polar bears
  A hippogriff (shapeshifter) (D:11)
  3 bog bodies
  41 slime creatures
  10 dream sheep (Lair:6)
  24 blink frogs
  10 hippogriffs
  A spriggan (D:9)
  2 fire elementals (Volcano)
  4 wyverns
  13 vampire mosquitoes
  61 yaks
  Eustachio (D:6)
  6 basilisks
  A golden eye (Slime:5)
  A hungry ghost (D:7)
  6 swamp worms
  36 nagas
  A hell hound (Lair:4)
  4 insubstantial wisps (Swamp:1)
  Duvessa (D:5)
  15 water moccasins
  11 porcupines
  14 swamp drakes
  5 sky beasts
  8 orc warriors
  2 black bears (D:9)
  An ice beast (D:10)
  2 phantoms
  3 ogres
  12 centaurs
  10 crocodiles
  21 wolves
  2 big kobolds
  20 bullfrogs
  2 wyvern zombies
  Dowan (D:5)
  A water moccasin zombie (D:11)
  3 scorpions
  9 killer bees
  A wight (D:11)
  7 howler monkeys
  5 crimson imps
  2 quasits (D:11)
  2 bullfrog zombies (D:6)
  4 jellies
  A centaur skeleton (D:11)
  3 hounds
  18 orc wizards
  5 orc priests
  5 bullfrog skeletons
  4 iguanas
  11 worker ants
  4 killer bee zombies
  A hound zombie (D:11)
  2 hound skeletons
  7 worker ant zombies
  2 howler monkey skeletons
  11 adders
  3 shadow imps
  4 adder skeletons
  An adder zombie (D:6)
  3 dart slugs
  2 worms
  5 leopard geckos
  61 orcs
  A ball python (D:1)
  6 giant cockroaches
  3 goblins
  A hobgoblin (D:1)
  4 jackals (D:5)
  9 quokkas
  3 bats
  4 frilled lizards
  A jackal skeleton (D:5)
  12 kobolds
  A leopard gecko zombie (D:6)
  A quokka skeleton (D:5)
  A rat (D:2)
  4 briar patches (Swamp:4)
  2 fungi
  6 plants
  A withered plant (D:6)
794 creatures vanquished.

Vanquished Creatures (collateral kills)
  A thorn hunter (Swamp:4)
  4 nagarajas (Snake:4)
  2 hydras
  3 naga warriors (Snake:4)
  An anaconda (Snake:4)
  An alligator (Swamp:4)
  A spriggan druid (Swamp:4)
  3 swamp dragons (Swamp:4)
  An ugly thing (D:11)
  A mana viper (Snake:4)
  A deep elf mage (D:11)
  2 salamanders (Snake:4)
  A cyclops (D:11)
  3 black mambas (Snake:4)
  2 naga magi (Snake:4)
  A centaur zombie (D:11)
  4 spiny frogs
  A polar bear (IceCv)
  2 hornets (Swamp:4)
  A tyrant leech (Swamp:4)
  A blink frog (shapeshifter) (D:11)
  A yak (Lair:4)
  7 nagas (Snake:4)
  A phantom (D:11)
  A centaur (D:11)
  A scorpion (D:11)
  A bullfrog zombie (D:11)
  3 briar patches (Swamp:4)
  A fungus (Lair:3)
53 creatures vanquished.

Vanquished Creatures (others)
  Nikola (Snake:3)
  A naga sharpshooter (Snake:4)
  A spriggan druid (Swamp:4)
  3 naga magi
  A black mamba (Snake:3)
  A hornet (Swamp:4)
  A yak (IceCv)
  3 nagas
  3 fungi
  7 plants
22 creatures vanquished.

Grand Total: 869 creatures vanquished

Notes
Turn   | Place    | Note
-------+----------+-------------------------------------------
     0 | D:1      | Flugslaktarn the Deep Dwarf Fighter began the quest for the
                  | Orb.
     0 | D:1      | Reached XP level 1. HP: 20/20 MP: 1/1
   153 | D:1      | Reached XP level 2. HP: 27/27 MP: 2/2
   476 | D:3      | Reached skill level 3 in Axes
   511 | D:3      | Reached XP level 3. HP: 33/33 MP: 3/3
   514 | D:3      | Found an ancient bone altar of Kikubaaqudgha.
   576 | D:4      | Reached XP level 4. HP: 29/42 MP: 4/4
   628 | D:4      | Found a staircase to the Ecumenical Temple.
   636 | Temple   | Entered the Ecumenical Temple
   667 | Temple   | Became a worshipper of Makhleb the Destroyer
   804 | D:4      | Reached skill level 4 in Axes
   804 | D:4      | Reached XP level 5. HP: 29/49 MP: 5/5
   806 | D:4      | Reached skill level 1 in Invocations
   959 | D:4      | Reached XP level 6. HP: 38/56 MP: 7/7
   967 | D:4      | Reached * piety under Makhleb
  1518 | D:5      | Entered Level 5 of the Dungeon
  1627 | D:5      | Got a polished scale mail
  1638 | D:5      | Identified the +1 scale mail of the Wary Deaths {Int+6
                  | SInv} (You found it on level 5 of the Dungeon)
  1683 | D:5      | Reached skill level 5 in Axes
  1773 | D:5      | Noticed a sky beast
  1790 | D:5      | Killed a sky beast
  1790 | D:5      | Reached XP level 7. HP: 63/63 MP: 7/9
  2155 | D:5      | Noticed Dowan
  2156 | D:5      | Noticed Duvessa
  2183 | D:5      | Killed Duvessa
  2183 | D:5      | Reached skill level 6 in Axes
  2183 | D:5      | Reached skill level 5 in Armour
  2183 | D:5      | Reached skill level 5 in Shields
  2195 | D:5      | Killed Dowan
  2279 | D:6      | Reached ** piety under Makhleb
  2294 | D:6      | Reached XP level 8. HP: 46/73 MP: 9/11
  2355 | D:6      | Reached skill level 7 in Axes
  2487 | D:6      | Noticed Eustachio
  2533 | D:6      | Killed Eustachio
  2533 | D:6      | Reached skill level 5 in Fighting
  2533 | D:6      | Reached skill level 5 in Invocations
  2750 | D:6      | Found a basalt altar of Yredelemnul.
  2937 | D:6      | Reached *** piety under Makhleb
  3010 | D:6      | Gained mutation: You passively map the area around you.
                  | [Deep Dwarf growth]
  3010 | D:6      | Reached XP level 9. HP: 81/81 MP: 0/13
  3022 | D:6      | Found Qozoqum's Jewellery Shop.
  3052 | D:6      | Found a glowing golden altar of the Shining One.
  3086 | D:6      | Reached skill level 8 in Axes
  3199 | D:6      | Bought an uncursed ring of poison resistance for 240 gold
                  | pieces
  3207 | D:7      | Found Juuhoj's Antique Armour Shop.
  3218 | D:7      | Bought a pair of runed gloves for 180 gold pieces
  3383 | D:7      | Found a sparkling altar of Nemelex Xobeh.
  3566 | D:7      | Reached **** piety under Makhleb
  3816 | D:8      | Reached skill level 9 in Axes
  3843 | D:8      | Found a stormy altar of Qazlal.
  3918 | D:8      | Noticed Harold
  3942 | D:8      | HP: 4/82 [Harold/+0 battleaxe (13)]
  3949 | D:8      | Killed Harold
  3962 | D:8      | Noticed Psyche
  3964 | D:8      | Killed Psyche
  3964 | D:8      | Reached XP level 10. HP: 74/91 MP: 0/15
  4398 | D:8      | Found a shimmering blue altar of Sif Muna.
  4398 | D:8      | Noticed Maggie
  4424 | D:8      | Killed Maggie
  4424 | D:8      | Reached skill level 10 in Axes
  4676 | D:9      | Noticed Prince Ribbit
  5040 | D:9      | Found a shimmering altar of Xom.
  5041 | D:9      | Found a shimmering altar of Xom.
  5041 | D:9      | Found a shimmering altar of Xom.
  5041 | D:9      | Found a shimmering altar of Xom.
  5293 | D:9      | Noticed a moth of wrath
  5389 | D:9      | Noticed a manticore
  5399 | D:9      | Noticed a moth of wrath
  5399 | D:9      | Noticed a fire crab
  5452 | D:9      | Noticed an unseen horror
  5558 | D:9      | Noticed a salamander
  5558 | D:9      | a komodo dragon changed into a salamander
  5637 | D:10     | Entered Level 10 of the Dungeon
  6026 | D:10     | Reached skill level 11 in Axes
  6180 | D:11     | Reached XP level 11. HP: 100/100 MP: 0/17
  6180 | D:11     | Reached ***** piety under Makhleb
  6238 | D:11     | Noticed a two-headed ogre
  6266 | D:11     | Killed a two-headed ogre
  6279 | D:11     | Noticed a brown ugly thing
  6316 | D:11     | Killed a brown ugly thing
  6364 | D:11     | Noticed an orb spider
  6369 | D:11     | Noticed a deep elf mage
  6382 | D:11     | Killed a deep elf mage
  6389 | D:11     | an orb spider changed into a blink frog
  6608 | D:11     | Found Cilim's Armour Shop.
  6608 | D:11     | Noticed an orc knight
  6632 | D:11     | Found a staircase to the Orcish Mines.
  6651 | D:11     | Killed an orc knight
  6651 | D:11     | Reached skill level 12 in Axes
  6675 | D:11     | Found Nykhepro's Weapon Shop.
  6877 | D:11     | Noticed a two-headed ogre
  6895 | D:11     | Killed a two-headed ogre
  7227 | D:11     | Noticed a white ugly thing
  7244 | D:11     | Killed a white ugly thing
  7244 | D:11     | Reached skill level 10 in Invocations
  7301 | D:11     | Reached XP level 12. HP: 80/110 MP: 0/18
  7424 | D:11     | Found a staircase to the Lair.
  7718 | Lair:1   | Entered Level 1 of the Lair of Beasts
  8051 | Lair:1   | Found a frozen archway.
  8229 | IceCv    | Entered an ice cave
  8342 | IceCv    | Reached skill level 13 in Axes
  8479 | IceCv    | Reached skill level 10 in Shields
  8503 | IceCv    | Reached ****** piety under Makhleb
  8880 | IceCv    | Reached skill level 10 in Armour
  8925 | IceCv    | Noticed a death yak
  8925 | IceCv    | Noticed a frost giant
  8975 | IceCv    | Killed a death yak
  9010 | IceCv    | Killed a frost giant
  9728 | Lair:2   | Found a staircase to the Snake Pit.
  9828 | Lair:2   | Reached XP level 13. HP: 104/121 MP: 19/19
  9846 | Lair:2   | Reached skill level 14 in Axes
 10992 | Lair:3   | Found a staircase to the Swamp.
 11476 | Lair:4   | Reached skill level 15 in Axes
 11648 | Lair:4   | Noticed Sonja
 11656 | Lair:4   | Killed Sonja
 11721 | Lair:4   | Gained mutation: You resist negative energy. (rN+) [Deep
                  | Dwarf growth]
 11721 | Lair:4   | Reached XP level 14. HP: 82/130 MP: 21/21
 11923 | Lair:4   | Reached skill level 10 in Fighting
 13323 | Lair:6   | Entered Level 6 of the Lair of Beasts
 13415 | Lair:6   | Found a dark tunnel.
 13421 | Volcano  | Entered a volcano
 13744 | Lair:6   | Found a runed translucent door.
 13885 | Lair:6   | Reached skill level 16 in Axes
 14359 | Lair:6   | Found a staircase to the Slime Pits.
 15317 | Snake:1  | Entered Level 1 of the Snake Pit
 15441 | Snake:2  | Reached XP level 15. HP: 139/140 MP: 23/23
 15536 | Snake:3  | Noticed Nikola
 15550 | Snake:3  | Killed Nikola
 15585 | Snake:4  | Entered Level 4 of the Snake Pit
 15599 | Snake:4  | Noticed a nagaraja
 15631 | Snake:3  | Noticed a nagaraja
 15650 | Snake:3  | Killed a nagaraja
 15701 | Snake:4  | Reached skill level 17 in Axes
 15702 | Snake:4  | Killed a nagaraja
 15755 | Snake:4  | Noticed a nagaraja
 15765 | Snake:4  | Killed a nagaraja
 15840 | Snake:4  | Noticed a nagaraja
 15849 | Snake:4  | Killed a nagaraja
 15875 | Snake:4  | Noticed a nagaraja
 15883 | Snake:4  | Killed a nagaraja
 15895 | Snake:4  | Noticed a nagaraja
 15897 | Snake:4  | Noticed a nagaraja
 15909 | Snake:4  | Killed a nagaraja
 15914 | Snake:4  | Killed a nagaraja
 15958 | Snake:4  | Got a serpentine rune of Zot
 16054 | Snake:4  | Found Haub's Jewellery Shoppe.
 16054 | Snake:4  | Found Siynowy's Gadget Boutique.
 16055 | Snake:4  | Found Xom Hyimn's Jewellery Shoppe.
 16072 | Snake:4  | Bought the ring "Reelisug" {rF+ rC+ MP+9} for 656 gold
                  | pieces
 16191 | Swamp:1  | Entered Level 1 of the Swamp
 16204 | Swamp:1  | Reached XP level 16. HP: 136/151 MP: 22/22
 16439 | Swamp:4  | Entered Level 4 of the Swamp
 16483 | Swamp:4  | Paralysed by a hornet for 2 turns
 16552 | Swamp:4  | Reached skill level 15 in Invocations
 16650 | Swamp:4  | Noticed a thorn hunter
 16665 | Swamp:4  | Killed a thorn hunter
 16665 | Swamp:4  | Reached skill level 18 in Axes
 16734 | Swamp:4  | Found a transporter.
 16813 | Swamp:4  | Noticed the 27-headed Lernaean hydra
 16837 | Swamp:4  | Noticed LostGamesStreakFreak's ghost (adept HOBe)
 16839 | Swamp:4  | Killed the 26-headed Lernaean hydra
 16925 | Swamp:4  | Got a decaying rune of Zot
 17020 | Swamp:4  | Found a transporter.
 17294 | Slime:1  | Entered Level 1 of the Pits of Slime
 17332 | Slime:1  | Gained mutation: Your body sometimes deteriorates upon
                  | taking damage. [a shining eye]
 17334 | Slime:1  | Gained mutation: Your body often deteriorates upon taking
                  | damage. [a shining eye]
 17337 | Slime:1  | Gained mutation: You possess an exceptional clarity of
                  | mind. [a shining eye]
 17339 | Slime:1  | Gained mutation: You are weak. (Str -2) [a shining eye]
 17343 | Slime:1  | Gained mutation: You are clumsy. (Dex -2) [a shining eye]
 17347 | Slime:1  | Gained mutation: Armour fits poorly on your strangely
                  | shaped body. [a shining eye]
 17363 | Slime:2  | Noticed an acid blob
 17364 | Slime:2  | Lost mutation: You are clumsy. (Dex -2) [potion of
                  | mutation]
 17364 | Slime:2  | Lost mutation: You are weak. (Str -2) [potion of mutation]
 17364 | Slime:2  | Lost mutation: Armour fits poorly on your strangely shaped
                  | body. [potion of mutation]
 17364 | Slime:2  | Gained mutation: You are frail. (-10% HP) [potion of
                  | mutation]
 17364 | Slime:2  | Gained mutation: You are partially covered in yellow
                  | scales. (AC +2) [potion of mutation]
 17365 | Slime:2  | Lost mutation: Your body often deteriorates upon taking
                  | damage. [potion of mutation]
 17365 | Slime:2  | Lost mutation: Your body sometimes deteriorates upon taking
                  | damage. [potion of mutation]
 17365 | Slime:2  | Gained mutation: You have sharp toenails. [potion of
                  | mutation]
 17365 | Slime:2  | Gained mutation: Your body sometimes deteriorates upon
                  | taking damage. [potion of mutation]
 17365 | Slime:2  | Gained mutation: Your system is resistant to poisons.
                  | (rPois) [potion of mutation]
 17382 | Slime:2  | Killed an acid blob
 17415 | Slime:3  | Noticed an acid blob
 17437 | Slime:3  | Killed an acid blob
 17509 | Slime:5  | Entered Level 5 of the Pits of Slime
 17509 | Slime:5  | Noticed an acid blob
 17517 | Slime:5  | Killed an acid blob
 17526 | Slime:5  | Gained mutation: You have razor-sharp toenails. [a shining
                  | eye]
 17529 | Slime:5  | Gained mutation: Scrolls take you a little longer to read.
                  | [a shining eye]
 17533 | Slime:5  | Noticed an acid blob
 17544 | Slime:5  | Killed an acid blob
 17729 | Slime:5  | Noticed an acid blob
 17729 | Slime:5  | Noticed the Royal Jelly
 17814 | Slime:5  | Noticed an acid blob
 17814 | Slime:5  | Noticed an acid blob
 17814 | Slime:5  | Noticed an acid blob
 17815 | Slime:5  | Noticed an acid blob
 17816 | Slime:5  | Noticed an acid blob
 17816 | Slime:5  | Noticed an acid blob
 17818 | Slime:5  | Noticed an acid blob
 17820 | Slime:5  | Killed an acid blob
 17824 | Slime:5  | HP: 6/207 [azure jelly[the Royal Jelly] (8)]
 17825 | Slime:5  | Killed an acid blob
 17825 | Slime:5  | Annihilated by an acid blob

Levels and vault maps discovered:
D:1:      dpeg_arrival_tiny_f, layout_basic, minmay_crystal_water
D:2:      layout_basic, first_ration, grunt_qazlal_clouds, uniq_robin,
          uniq_jessica
D:3:      layout_loops_ring, overflow_temple_1_default
D:4:      layout_basic, minmay_temple_entry_waves, grunt_decor_arrowhead
D:5:      minmay_bubble_buster, layout_basic, uniq_duvessa
D:6:      layout_basic, kennysheep_mini, yredelemnul_altar_generic,
          serial_shops, shop, serial_undead, serial_undead_e, serial_undead_a,
          serial_undead_c, serial_undead_c, serial_undead_e, serial_undead_b,
          serial_undead_e, serial_undead_b, serial_undead_b, serial_undead_d,
          uniq_eustachio
D:7:      layout_cave_pools, serial_shops, shop, lemuel_statue_altar
D:8:      layout_loops_ring, marbit_many_paths, nicolae_overflow_crystal_walls,
          uniq_harold, uniq_maggie, uniq_psyche
D:9:      minmay_opposing_rooms, layout_stronghold, xom_shifter_show,
          the_bakery, kennysheep_generic_room_15, uniq_prince_ribbit1
D:10:     layout_roguey
D:11:     hangedman_cross_cluster, layout_loops_corners, orc_david_3,
          kennysheep_generic_room_14
Temple:   nicolae_temple_elliptical
Lair:1:   layout_cave_pods, portal_ice_cave_entry_pillars_1,
          minmay_lair_oklob_items, serial_bayou_shore_b
Lair:2:   layout_gridlike, minmay_snake_entry_guardpost_small,
          beast_lair_carwin_2, grunt_megastairs_3
Lair:3:   layout_concentric_octagons, skrybe_swamp_entry_bodies,
          serial_bayou_shore_b
Lair:4:   layout_roguey, special_room [special_room_mythical_zoo],
          beast_lair_carwin_5, lemuel_fruit_tree, minmay_lair_oklob_chamber,
          grunt_megastairs_1, uniq_sonja
Lair:5:   layout_hall_layers
Lair:6:   wormcave, layout_layer_cave, slime_dummy, enter_volcano_2,
          patterned_corridor, grunt_megastairs_4, infiniplex_staircase_pool
Swamp:1:  layout_basic_swamp, evilmike_swamp_ruin_wall, swamp_pool3
Swamp:2:  layout_falls_marsh, nicolae_swamp_trees_clearing, uniq_louise
Swamp:3:  layout_falls_marsh, nicolae_swamp_godswood, swamp_pool5,
          infiniplex_staircase_pool_2
Swamp:4:  swamp_old_school, layout_basic_swamp,
          gammafunk_ghost_berserking_beasts, swamp_pool3
Snake:1:  layout_rooms, uniq_aizul
Snake:2:  layout_cave_town
Snake:3:  layout_chambers, serial_bayou_crossing, uniq_bai_suzhen, uniq_nikola
Snake:4:  minmay_snake_end_coiled, layout_grid_shapes, minmay_shop_grove
Slime:1:  layout_caves
Slime:2:  layout_caves, cheibrodos_slime_lost_civilization_4
Slime:3:  cheibrodos_slime_lost_civilization_8, layout_caves
Slime:4:  layout_caves, nicolae_slime_barrier
Slime:5

Skill      XL: |  1  2  3  4  5  6  7  8  9 10 11 12 13 14 15 16 |
---------------+-------------------------------------------------+-----
Axes           | 3 4 5 6 7 9 11 12 13 15 16 17 18 | 18.0
Fighting       | 3 4 5 6 7 8 9 10 11 12 | 12.6
Armour         | 4 5 6 7 8 9 10 11 12 13 14 | 14.6
Shields        | 4 5 6 7 8 9 10 11 12 13 14 | 14.7
Invocations    | 1 2 4 5 7 8 10 11 12 13 14 15 | 15.0

Action                   |  1- 3 |  4- 6 |  7- 9 | 10-12 | 13-15 | 16-18 || total
-------------------------+-------+-------+-------+-------+-------+-------++-------
Melee: War axe           |    79 |       |       |       |   648 |       ||   727
       Hand axe          |    11 |   165 |   531 |  1338 |   224 |       ||  2269
       Broad axe         |       |       |       |       |   470 |   416 ||   886
       Kick              |       |       |       |       |       |    81 ||    81
Throw: Throwing net      |       |       |       |       |       |     1 ||     1
Invok: Lesser Servant of |       |       |       |     2 |     7 |     1 ||    10
       Greater Servant o |       |       |       |       |     3 |     3 ||     6
 Abil: Heal Wounds       |     1 |     3 |     5 |    24 |    23 |    16 ||    72
Evoke: Wand              |       |       |     1 |     4 |    17 |     3 ||    25
  Use: Scroll            |       |       |     6 |     9 |    19 |     6 ||    40
       Potion            |       |       |       |     5 |     4 |     8 ||    17
 Stab: Distracted        |       |       |       |     1 |     4 |       ||     5
       Invisible         |       |       |       |     5 |       |       ||     5
       Sleeping          |       |       |       |       |       |     1 ||     1
  Eat: Chunk             |       |     3 |    11 |    21 |    16 |     2 ||    53
       Ration            |       |       |       |       |     2 |     1 ||     3
Armor: Scale mail        |    40 |   114 |   167 |   169 |       |       ||   490
       Plate armour      |       |       |       |   429 |   629 |   393 ||  1451
Dodge: Dodged            |    19 |    54 |   141 |   287 |   342 |   172 ||  1015
Block: Kite shield       |    44 |    88 |   281 |   824 |  1404 |   494 ||  3135
       Reflection        |       |       |       |     1 |    65 |     8 ||    74

Table legend:
 A = Non-vault XP
 B = Vault XP
 C = Vault XP percentage of total XP
 D = Non-vault monster count
 E = Vault monster count
 F = Vault count percentage of total count
                 A         B        C        D         E       F
            +---------+---------+-------+---------+---------+-------
      Total |  132053 |   82886 |  38.6 |     590 |     246 |  29.4
            +---------+---------+-------+---------+---------+-------
        D:1 |      23 |       0 |   0.0 |      10 |       0 |   0.0
        D:2 |      14 |       0 |   0.0 |       9 |       0 |   0.0
        D:3 |       6 |       0 |   0.0 |       3 |       0 |   0.0
        D:4 |     435 |       0 |   0.0 |      32 |       0 |   0.0
        D:5 |     328 |     393 |  54.5 |      22 |       7 |  24.1
        D:6 |    1037 |     604 |  36.8 |      29 |      17 |  37.0
        D:7 |    1443 |       0 |   0.0 |      32 |       0 |   0.0
        D:8 |     791 |    1795 |  69.4 |      11 |       4 |  26.7
        D:9 |    1000 |     893 |  47.2 |      22 |      11 |  33.3
       D:10 |    1762 |       0 |   0.0 |      18 |       0 |   0.0
       D:11 |    7048 |    4529 |  39.1 |      65 |      33 |  33.7
     Lair:1 |    3495 |       0 |   0.0 |      18 |       0 |   0.0
     Lair:2 |    5808 |    2152 |  27.0 |      29 |       8 |  21.6
     Lair:3 |    8234 |     265 |   3.1 |      27 |       1 |   3.6
     Lair:4 |    5715 |   11040 |  65.9 |      22 |      33 |  60.0
     Lair:5 |    5407 |       0 |   0.0 |      23 |       0 |   0.0
     Lair:6 |   13063 |    7632 |  36.9 |      43 |      24 |  35.8
    Swamp:1 |    4218 |       0 |   0.0 |      13 |       0 |   0.0
    Swamp:2 |     142 |       0 |   0.0 |       1 |       0 |   0.0
    Swamp:3 |    2035 |       0 |   0.0 |       6 |       0 |   0.0
    Swamp:4 |   11862 |   16855 |  58.7 |      34 |      24 |  41.4
    Snake:1 |    3090 |       0 |   0.0 |       8 |       0 |   0.0
    Snake:2 |    5369 |       0 |   0.0 |      15 |       0 |   0.0
    Snake:3 |    4687 |    2991 |  39.0 |       7 |       1 |  12.5
    Snake:4 |   23731 |   15695 |  39.8 |      48 |      33 |  40.7
    Slime:1 |    5134 |       0 |   0.0 |      12 |       0 |   0.0
    Slime:2 |    5216 |       0 |   0.0 |      11 |       0 |   0.0
    Slime:3 |    4488 |       0 |   0.0 |       8 |       0 |   0.0
    Slime:4 |     284 |       0 |   0.0 |       1 |       0 |   0.0
    Slime:5 |    6188 |    6194 |  50.0 |      11 |       4 |  26.7
      IceCv |       0 |   10572 | 100.0 |       0 |      42 | 100.0
    Volcano |       0 |    1276 | 100.0 |       0 |       4 | 100.0
            +---------+---------+-------+---------+---------+-------
